AoeStats
← YuriPsychoControl

African Clearing

506820970Analyzed
4v4 RM · 18d ago on Sep 15, 2026· 45m 6s· 8 players
Game mode
Random Map
Map size
Large (8 player)
Population
200
Speed
Normal
Resources
Standard
Victory
Conquest
Starting age
Dark Age
Ending age
Imperial Age
RankedLock teamsTeams togetherTeam positionsShared explorationLock speedFull tech treeHidden civsTurbo modeCheats
Victory
Defeat
🇹🇭 Aztecs · Thailand
857
+16
🇮🇳 Persians · India
855
+16
🇦🇷 Poles · Argentina
804
+18
🇨🇳 Romans · China
786
+18
🇹🇷 Magyars · Türkiye
923
-21
🇫🇷 Chinese · France
854
-17
🇨🇳 Georgians · China
845
-17
🇷🇺 Spanish · Russia
755
-13
kwik
4:54 Loom
13:50 Feudal Age
22:26 Castle Age
22:03 Double-Bit Axe
22:01 Horse Collar
23:53 Bloodlines
33:40 Wheelbarrow
32:50 Town Watch
34:05 Bow Saw
34:57 Heavy Plow
37:28 Hand Cart
37:14 Town Patrol
42:04 Imperial Age
40:48 Stone Mining
40:49 Gold Mining
42:25 Scale Barding Armor
42:30 Forging
43:24 Chemistry
42:45 Ballistics
42:20 Murder Holes
42:36 Masonry
42:31 Husbandry
42:02 Elite War Elephant
42:52 Citadels
44:06 Stone Shaft Mining
44:07 Gold Shaft Mining
43:55 Chain Barding Armor
44:02 Conscription
cheo
12:39 Loom
14:50 Feudal Age
25:35 Castle Age
24:00 Double-Bit Axe
24:10 Gold Mining
24:11 Stone Mining
24:05 Horse Collar
25:40 Elite Skirmisher
27:44 Forging
27:35 Scale Mail Armor
28:13 Gold Shaft Mining
28:14 Stone Shaft Mining
27:53 Bow Saw
28:32 Squires
32:30 Fervor
32:41 Sanctity
32:39 Redemption
39:22 Ballistics
39:00 Murder Holes
41:59 Atlatl
42:52 Fletching
43:03 Padded Archer Armor
南宫聿
3:07 Loom
15:29 Feudal Age
16:09 Horse Collar
16:19 Double-Bit Axe
25:11 Castle Age
36:28 Man-at-Arms
哥哥妹妹
4:46 Loom
15:53 Feudal Age
16:25 Horse Collar
16:33 Double-Bit Axe
22:19 Castle Age
22:16 Forging
22:20 Bloodlines
22:07 Gold Mining
22:33 Light Cavalry
24:47 Iron Casting
25:22 Bow Saw
25:38 Heavy Plow
27:28 Scale Barding Armor
29:53 Stone Mining
30:49 Chain Barding Armor
32:14 Stone Shaft Mining
33:07 Wheelbarrow
34:56 Hand Cart
37:45 Imperial Age
35:51 Husbandry
36:55 Town Watch
38:55 Conscription
39:13 Crop Rotation
38:10 Winged Hussar
40:00 Blast Furnace
40:54 Lechitic Legacy
YuriPsychoControl
9:55 Loom
15:32 Feudal Age
22:28 Castle Age
21:50 Fletching
21:50 Double-Bit Axe
23:26 Bloodlines
24:55 Bodkin Arrow
27:40 Horse Collar
28:42 Wheelbarrow
28:35 Ballistics
28:55 Bloodlines
29:34 Padded Archer Armor
milou
31:51 Feudal Age
Fenium
10:22 Loom
16:38 Feudal Age
20:27 Castle Age
20:15 Double-Bit Axe
20:23 Gold Mining
21:23 Fletching
22:06 Bodkin Arrow
23:56 Ballistics
23:44 Husbandry
30:33 Padded Archer Armor
31:39 Stone Mining
36:41 Thumb Ring
37:30 Corvinian Army
39:34 Leather Archer Armor
39:16 Horse Collar
41:21 Scale Barding Armor
42:46 Bloodlines
42:58 Chain Barding Armor
Captain Klest
19:28 Feudal Age
24:24 Castle Age
24:27 Pikeman
24:56 Gambesons
28:44 Murder Holes
29:12 Ballistics
29:09 Fletching
29:21 Padded Archer Armor
31:04 Elite Skirmisher
Connection lost

Rejoining the realm…

Still unreachable

The connection could not be restored.

Session expired

The server has moved on; the page needs a fresh start.